XFBL
DETROIT TIGERS @ TORONTO BLUE JAYS
03/14/1982
 
TOP OF THE 1ST
Detroit Tigers batting - Pitching for Toronto Blue Jays : RHP Storm Davis
Pitching: RHP Storm Davis
Batting: SHB Lee Mazzilli 0-0: Ground out U3 (Groundball, 3S, EV 84.4 MPH)
Batting: RHB Rusty Tillman 0-0: Foul Ball, location: 2F
0-1: Foul Ball, location: 2F
0-2: Strikes out swinging
Batting: SHB Tony Phillips 0-0: Swinging Strike
0-1: Called Strike
0-2: Ball
1-2: Foul Ball, location: 2F
1-2: SINGLE (Groundball, 25, EV 66.9 MPH) (infield hit)
Batting: LHB Greg Brock 0-0: Called Strike
0-1: SINGLE (Groundball, 34D, EV 97.5 MPH)
Tony Phillips to second
Runner from 2nd tries for 3rd, SAFE, no throw by RF
Batting: RHB Keith Moreland 0-0: Ball
Balk!
Tony Phillips scores
Greg Brock to second
1-0: Foul Ball, location: 2F
1-1: Ball
2-1: Foul Ball, location: 2F
2-2: Strikes out looking
Top of the 1st over - 1 run, 2 hits, 0 errors, 1 left on base; Detroit 1 - Toronto 0
BOTTOM OF THE 1ST
Toronto Blue Jays batting - Pitching for Detroit Tigers : RHP Edwin Ramirez
Pitching: RHP Edwin Ramirez
Batting: LHB Sheldon Mallory 0-0: Ball
1-0: Bunted foul
1-1: Swinging Strike
1-2: Fly out, F8 (Flyball, 89D, EV 100.0 MPH)
Batting: RHB Jose Gonzalez 0-0: Ball
1-0: Called Strike
1-1: Foul Ball, location: 2F
1-2: Foul Ball, location: 2F
1-2: Ground out 4-3 (Groundball, 4, EV 103.1 MPH)
Batting: RHB Andres Galarraga 0-0: Ball
1-0: Swinging Strike
1-1: Foul Ball, location: 2F
1-2: Foul Ball, location: 2F
1-2: Strikes out swinging
Bottom of the 1st over - 0 runs, 0 hits, 0 errors, 0 left on base; Detroit 1 - Toronto 0
TOP OF THE 2ND
Detroit Tigers batting - Pitching for Toronto Blue Jays : RHP Storm Davis
Batting: LHB Randy S Johnson 0-0: Foul Ball, location: 2F
0-1: Foul Ball, location: 2F
0-2: Strikes out swinging
Batting: RHB Nick Capra 0-0: Swinging Strike
0-1: Ball
1-1: Swinging Strike
1-2: Ball
2-2: Foul Ball, location: 2F
2-2: Strikes out swinging
Batting: RHB Mike Sproles 0-0: Called Strike
0-1: Fly out, F9 (Flyball, 9S, EV 85.6 MPH)
Top of the 2nd over - 0 runs, 0 hits, 0 errors, 0 left on base; Detroit 1 - Toronto 0
BOTTOM OF THE 2ND
Toronto Blue Jays batting - Pitching for Detroit Tigers : RHP Edwin Ramirez
Batting: RHB Juan Monasterio 0-0: Ball
1-0: Called Strike
1-1: Swinging Strike
1-2: Ball
2-2: Fly out, F7 (Line Drive, 7, EV 90.6 MPH)
Batting: LHB Darryl Strawberry 0-0: Called Strike
0-1: Ball
1-1: Ball
2-1: Ball
3-1: Called Strike
3-2: DOUBLE (Line Drive, 7LD, EV 111.3 MPH)
Batting: RHB Cal Ripken 0-0: Ball
1-0: Ball
2-0: Ball
3-0: Base on Balls
Batting: LHB Paul O'Neill 0-0: DOUBLE (Line Drive, 5D, EV 95.6 MPH)
Darryl Strawberry scores
Cal Ripken to third
Runner from 3rd tries for Home, SAFE, throw by LF to trailing runner, SAFE at third!
Batting: RHB Fritzie Connally 0-0: Foul Ball, location: 2F
0-1: Swinging Strike
0-2: Fly out, F3 (Popup, 3F, EV 81.3 MPH)
Batting: SHB Harold Reynolds 0-0: Ball
1-0: Foul Ball, location: 2F
1-1: Ball
2-1: Foul Ball, location: 2F
2-2: Ball
3-2: Fly out, F7 (Flyball, 7LM, EV 93.8 MPH)
Bottom of the 2nd over - 2 runs, 2 hits, 0 errors, 1 left on base; Detroit 1 - Toronto 2
TOP OF THE 3RD
Detroit Tigers batting - Pitching for Toronto Blue Jays : RHP Storm Davis
Batting: RHB William Young 0-0: SINGLE (Groundball, 56D, EV 95.0 MPH)
Batting: SHB Lee Mazzilli 0-0: Fly out, F5 (Popup, 25F, EV 86.9 MPH)
Batting: RHB Rusty Tillman 0-0: Ball
1-0: Ball
2-0: Ball
3-0: Called Strike
3-1: Swinging Strike
3-2: Foul Ball, location: 2F
3-2: Base on Balls
William Young to second
Batting: SHB Tony Phillips 0-0: Foul Ball, location: 2F
0-1: Swinging Strike
0-2: Ball
1-2: Ball
2-2: Foul Ball, location: 2F
2-2: 3-RUN HOME RUN (Flyball, 9LD, EV 91.3 MPH), Distance : 354 ft
Batting: LHB Greg Brock 0-0: Ball
1-0: Foul Ball, location: 2F
1-1: Ball
2-1: Foul Ball, location: 2F
2-2: Ball
3-2: Foul Ball, location: 2F
3-2: Strikes out looking
Batting: RHB Keith Moreland 0-0: Ball
1-0: Foul Ball, location: 2F
1-1: Ground out 5-3 (Groundball, 56, EV 83.1 MPH)
Top of the 3rd over - 3 runs, 2 hits, 0 errors, 0 left on base; Detroit 4 - Toronto 2
BOTTOM OF THE 3RD
Toronto Blue Jays batting - Pitching for Detroit Tigers : RHP Edwin Ramirez
Batting: LHB Sheldon Mallory 0-0: Ball
1-0: Called Strike
1-1: Ground out U3 (Groundball, 34, EV 76.3 MPH)
Batting: RHB Jose Gonzalez 0-0: Ball
1-0: Called Strike
1-1: Fly out, F8 (Flyball, 8RM, EV 93.1 MPH)
Batting: RHB Andres Galarraga 0-0: Ball
1-0: Foul Ball, location: 2F
1-1: Ball
2-1: Ground out 5-3 (Groundball, 56S, EV 82.5 MPH)
Bottom of the 3rd over - 0 runs, 0 hits, 0 errors, 0 left on base; Detroit 4 - Toronto 2
TOP OF THE 4TH
Detroit Tigers batting - Pitching for Toronto Blue Jays : RHP Storm Davis
Batting: LHB Randy S Johnson 0-0: Called Strike
0-1: Ground out 5-3 (Groundball, 5L, EV 82.5 MPH)
Batting: RHB Nick Capra 0-0: Ball
1-0: Ground out 6-3 (Groundball, 56, EV 89.4 MPH)
Batting: RHB Mike Sproles 0-0: Ball
1-0: Ground out 6-3 (Groundball, 6, EV 90.0 MPH)
Top of the 4th over - 0 runs, 0 hits, 0 errors, 0 left on base; Detroit 4 - Toronto 2
BOTTOM OF THE 4TH
Toronto Blue Jays batting - Pitching for Detroit Tigers : RHP Edwin Ramirez
Batting: RHB Juan Monasterio 0-0: Called Strike
0-1: Fly out, F8 (Flyball, 8RM, EV 96.3 MPH)
Batting: LHB Darryl Strawberry 0-0: Called Strike
0-1: Ball
1-1: Ball
2-1: Ball
3-1: Foul Ball, location: 2F
3-2: SINGLE (Line Drive, 56, EV 95.0 MPH)
Batting: RHB Cal Ripken 0-0: Foul Ball, location: 2F
0-1: Ball
1-1: Swinging Strike
1-2: Ball
Darryl Strawberry steals 2nd base
2-2: SINGLE (Groundball, 34, EV 85.6 MPH) (infield hit)
Darryl Strawberry to third
Batting: LHB Paul O'Neill 0-0: Called Strike
0-1: Swinging Strike
0-2: Ball
1-2: Strikes out swinging
Batting: RHB Fritzie Connally 0-0: Ball
1-0: Foul Ball, location: 2F
1-1: Foul Ball, location: 2F
1-2: Strikes out looking
Bottom of the 4th over - 0 runs, 2 hits, 0 errors, 2 left on base; Detroit 4 - Toronto 2
TOP OF THE 5TH
Detroit Tigers batting - Pitching for Toronto Blue Jays : RHP Storm Davis
Pitching: RHP Dane Anthony
Batting: RHB William Young 0-0: Called Strike
0-1: Ball
1-1: Foul Ball, location: 2F
1-2: Foul Ball, location: 2F
1-2: Ball
2-2: Foul Ball, location: 2F
2-2: Foul Ball, location: 2F
2-2: Fly out, F8 (Line Drive, 8LM, EV 93.8 MPH)
Batting: SHB Lee Mazzilli 0-0: Ball
1-0: Ball
2-0: Ball
3-0: Called Strike
3-1: Fly out, F7 (Flyball, 7LS, EV 83.1 MPH)
Batting: RHB Rusty Tillman 0-0: Called Strike
0-1: SINGLE (Line Drive, 9LS, EV 106.3 MPH)
Batting: SHB Tony Phillips 0-0: Called Strike
Rusty Tillman steals 2nd base
0-1: Called Strike
0-2: Strikes out swinging
Top of the 5th over - 0 runs, 1 hit, 0 errors, 1 left on base; Detroit 4 - Toronto 2
BOTTOM OF THE 5TH
Toronto Blue Jays batting - Pitching for Detroit Tigers : RHP Edwin Ramirez
Pitching: RHP Leonardo Gomez
Batting: SHB Harold Reynolds 0-0: Swinging Strike
0-1: Swinging Strike
0-2: SINGLE (Line Drive, 5, EV 94.4 MPH)
Batting: LHB Sheldon Mallory 0-0: Called Strike
0-1: Foul Ball, location: 2F
0-2: Foul Ball, location: 2F
0-2: Ball
1-2: Foul Ball, location: 2F
1-2: Ball
2-2: Foul Ball, location: 2F
2-2: SINGLE (Groundball, 56D, EV 103.1 MPH)
Harold Reynolds to second
Batting: RHB Jose Gonzalez 0-0: Bunt missed!
0-1: Sac Bunt to 23 - play at first, batter OUT! 3-4
Harold Reynolds to third
Sheldon Mallory to second
Batting: RHB Andres Galarraga 0-0: Fly out, F8 (Flyball, 8RXD, EV 101.9 MPH)
Runner from 3rd tags up, SCORES, no throw by CF
Sheldon Mallory to third
Batting: RHB Juan Monasterio 0-0: Ball
1-0: Called Strike
1-1: Swinging Strike
1-2: Ball
2-2: Foul Ball, location: 2F
2-2: Strikes out looking
Bottom of the 5th over - 1 run, 2 hits, 0 errors, 1 left on base; Detroit 4 - Toronto 3
TOP OF THE 6TH
Detroit Tigers batting - Pitching for Toronto Blue Jays : RHP Dane Anthony
Batting: LHB Greg Brock 0-0: Ball
1-0: Ball
2-0: Foul Ball, location: 2F
2-1: Ball
3-1: Base on Balls
Pinch Runner at 1st Raul Gonzalez:
Batting: RHB Keith Moreland 0-0: SINGLE (Flyball, 4D, EV 83.8 MPH)
Raul Gonzalez to second
Batting: LHB Randy S Johnson 0-0: Ball
Raul Gonzalez steals 3rd base
Keith Moreland to second
1-0: Called Strike
1-1: Foul Ball, location: 2F
1-2: Foul Ball, location: 2F
1-2: Ball
2-2: DOUBLE (Line Drive, 7LM, EV 105.6 MPH)
Raul Gonzalez scores
Keith Moreland scores
Batting: RHB Nick Capra 0-0: Intentional Walk
Batting: RHB Mike Sproles 0-0: Ball
1-0: Sac Bunt to 2L - play at third, runner OUT! 2-6
Nick Capra to second
Batting: RHB William Young 0-0: Ball
Nick Capra is caught stealing 3rd base 2-5
1-0: Foul Ball, location: 2F
1-1: SINGLE (Flyball, 8LS, EV 86.3 MPH)
Mike Sproles to second
Runner from 2nd tries for 3rd, SAFE, throw by CF made to third
Pinch Hitting: RHB Larry Parrish 0-0: Called Strike
0-1: Ball
1-1: Foul Ball, location: 2F
1-2: Ball
2-2: SINGLE (Line Drive, 9S, EV 96.9 MPH)
Mike Sproles scores
William Young to second
Runner from 2nd tries for 3rd, SAFE, no throw by RF
Pitching: LHP Charlie Hudson
Pinch Hitting: RHB Rusty Kuntz 0-0: Ball
1-0: Fly out, F7 (Line Drive, 7D, EV 89.4 MPH)
Top of the 6th over - 3 runs, 4 hits, 0 errors, 2 left on base; Detroit 7 - Toronto 3
BOTTOM OF THE 6TH
Toronto Blue Jays batting - Pitching for Detroit Tigers : RHP Leonardo Gomez
Now at 1B: Mike Laga
Now in LF: Glenn Williams
Now in CF: Raul Gonzalez
Batting: LHB Darryl Strawberry 0-0: Called Strike
0-1: SOLO HOME RUN (Flyball, 7D, EV 108.8 MPH), Distance : 377 ft
Batting: RHB Cal Ripken 0-0: Called Strike
0-1: Ball
1-1: Swinging Strike
1-2: Ball
2-2: Foul Ball, location: 2F
2-2: Foul Ball, location: 2F
2-2: Foul Ball, location: 2F
2-2: SINGLE (Groundball, 15S, EV 66.9 MPH) (infield hit)
Batting: LHB Paul O'Neill 0-0: Foul Ball, location: 2F
0-1: Hit by Pitch
Cal Ripken to second
Batting: RHB Fritzie Connally 0-0: Sac Bunt to 23 - play at first, batter OUT! 3-4
Cal Ripken to third
Paul O'Neill to second
Batting: SHB Harold Reynolds 0-0: Ball
Passed Ball!
Cal Ripken scores
Paul O'Neill to third
1-0: Swinging Strike
1-1: Ball
2-1: SINGLE (Groundball, 34D, EV 104.4 MPH) (infield hit)
Paul O'Neill scores
Pitching: RHP Santo Alcala
Pinch Hitting: RHB Hubie Brooks 0-0: Called Strike
0-1: Ball
1-1: 2-RUN HOME RUN (Flyball, 7D, EV 97.5 MPH), Distance : 383 ft
Pinch Hitting: LHB Ray Cosey 0-0: Fly out, F8 (Line Drive, 8RM, EV 95.0 MPH)
Batting: RHB Andres Galarraga 0-0: Ball
1-0: Foul Ball, location: 2F
1-1: Swinging Strike
1-2: Fly out, F8 (Flyball, 8RM, EV 88.8 MPH)
Bottom of the 6th over - 5 runs, 4 hits, 0 errors, 0 left on base; Detroit 7 - Toronto 8
TOP OF THE 7TH
Detroit Tigers batting - Pitching for Toronto Blue Jays : LHP Charlie Hudson
Now in CF: Ray Cosey
Now in RF: Manny Leal
Pinch Hitting: RHB Jose Hidalgo 0-0: Ground out 6-3 (Groundball, 6M, EV 109.4 MPH)
Batting: SHB Raul Gonzalez 0-0: Swinging Strike
0-1: Foul Ball, location: 2F
0-2: Strikes out looking
Batting: RHB Keith Moreland 0-0: Called Strike
0-1: Ball
1-1: Fly out, F4 (Popup, 4, EV 60.0 MPH)
Top of the 7th over - 0 runs, 0 hits, 0 errors, 0 left on base; Detroit 7 - Toronto 8
BOTTOM OF THE 7TH
Toronto Blue Jays batting - Pitching for Detroit Tigers : RHP Santo Alcala
Now at 2B: Jose Hidalgo
Pinch Hitting: RHB Jeremy Nelson 0-0: Foul Ball, location: 2F
0-1: Ball
1-1: Called Strike
1-2: Ball
2-2: SINGLE (Groundball, 6MD, EV 110.6 MPH)
Batting: RHB Jim G Wilson 0-0: Ball
1-0: Ball
2-0: Called Strike
2-1: Foul Ball, location: 2F
2-2: Foul Ball, location: 2F
2-2: Foul Ball, location: 2F
2-2: SINGLE (Groundball, 56D, EV 95.0 MPH)
Jeremy Nelson to second
Pinch Hitting: RHB Jose Carrillo 0-0: Fielders Choice at 2nd, 2-6 (Groundball, 13S, EV 72.5 MPH)
Jeremy Nelson to third
Pinch Hitting: RHB Jose Canseco 0-0: Ball
1-0: SINGLE (Groundball, 56, EV 94.4 MPH)
Jeremy Nelson scores
Jose Carrillo to second
Pinch Hitting: RHB Dann Bilardello 0-0: Ball
1-0: Ball
2-0: Fly out, F8 (Line Drive, 8LD, EV 96.3 MPH)
Pinch Hitting: RHB Alex Villalobos 0-0: Ball
1-0: Foul Ball, location: 2F
1-1: Ball
2-1: Fly out, F8 (Flyball, 8LM, EV 80.0 MPH)
Bottom of the 7th over - 1 run, 3 hits, 0 errors, 2 left on base; Detroit 7 - Toronto 9
TOP OF THE 8TH
Detroit Tigers batting - Pitching for Toronto Blue Jays : LHP Charlie Hudson
Now at 1B: Al Pardo
Now at 2B: Alex Villalobos
Now at 3B: Dave Meier
Now at SS: Jose Carrillo
Now in LF: Jon Jimenez
Pinch Hitting: RHB Joseph Scherger 0-0: Ball
1-0: Called Strike
1-1: Foul Ball, location: 2F
1-2: Strikes out swinging
Batting: RHB Andre Thornton 0-0: Called Strike
0-1: Ball
1-1: Fly out, F7 (Flyball, 78D, EV 76.9 MPH)
Pinch Hitting: RHB Tom Lawless 0-0: Swinging Strike
0-1: Swinging Strike
0-2: Ball
1-2: Strikes out swinging
Top of the 8th over - 0 runs, 0 hits, 0 errors, 0 left on base; Detroit 7 - Toronto 9
BOTTOM OF THE 8TH
Toronto Blue Jays batting - Pitching for Detroit Tigers : RHP Santo Alcala
Now at SS: Tom Lawless
Now in RF: Joseph Scherger
Batting: LHB Manny Leal 0-0: Ball
1-0: Swinging Strike
1-1: Called Strike
1-2: Ground out 4-3 (Groundball, 4, EV 85.6 MPH)
Batting: LHB Ray Cosey 0-0: Swinging Strike
0-1: Foul Ball, location: 2F
0-2: Strikes out swinging
Batting: RHB Andres Galarraga 0-0: Fly out, F8 (Flyball, 78XD, EV 105.0 MPH)
Bottom of the 8th over - 0 runs, 0 hits, 0 errors, 0 left on base; Detroit 7 - Toronto 9
TOP OF THE 9TH
Detroit Tigers batting - Pitching for Toronto Blue Jays : LHP Charlie Hudson
Pinch Hitting: RHB Larry Patterson 0-0: Called Strike
0-1: Fly out, F8 (Flyball, 78D, EV 85.6 MPH)
Batting: LHB Mike Laga 0-0: Ground out 6-3 (Groundball, 6, EV 76.3 MPH)
Batting: RHB Glenn Williams 0-0: Swinging Strike
0-1: Fly out, F7 (Line Drive, 7, EV 85.0 MPH)
Top of the 9th over - 0 runs, 0 hits, 0 errors, 0 left on base; Detroit 7 - Toronto 9
Wednesday, July 15th, 2020 - OOTP Baseball 21.4 Build 63